 Seeded DCSS version 0.30.0-10-gfe55d96785 (webtiles) character file.

Game seed: 11141705210714893998 (custom seed)

6757 Pimp the Carver (level 10, -15/79 HPs)
             Began as a Demonspawn Fighter on May 14, 2023.
             Was a Priest of Qazlal.
             Demolished by a two-headed ogre
             ... wielding a +0 giant club
              (20 damage)
             ... on level 10 of the Dungeon.
             The game lasted 00:18:13 (9394 turns).

Pimp the Carver (Demonspawn Fighter)                Turns: 9394, Time: 00:18:13

Health: -15/79     AC: 13    Str: 23      XL:     10   Next: 75%
Magic:  13/13      EV: 16    Int: 10      God:    Qazlal [***...]
Gold:   971        SH: 10    Dex: 15 (16) Spells: 9/9 levels left

rFire   . . .        a - +0 long sword
rCold   + + .        (no shield)
rNeg    . . .        j - +3 chain mail {rC+}
rPois   .            (helmet restricted)
rElec   +            (no cloak)
rCorr   .            (no gloves)
SInv    .            (no boots)
Will    .....        (no amulet) Stlth
                     m - +6 ring of strength
HPRegen 0.33/turn    (no ring)
MPRegen 0.13/turn

%: no passive effects
@: agile
A: large bone plates 2, powered by pain 2, demonic touch 1, horns 2, cold
resistance 1, electricity resistance
a: Renounce Religion, Upheaval, Elemental Force


You were on level 10 of the Dungeon.
You worshipped Qazlal.
Qazlal was most pleased with you.
You visited 1 branch of the dungeon, and saw 10 of its levels.
You also visited: Ossuary.

You collected 971 gold pieces.

Inventory:

Hand Weapons
 a - a +0 long sword (weapon)
Armour
 b - a +1 scale mail
 c - a +0 buckler
 j - a +3 chain mail of cold resistance (worn)
Jewellery
 m - a +6 ring of strength (left hand)
Wands
 r - a wand of charming (7)
Scrolls
 d - a scroll of silence
 f - 6 scrolls of teleportation
 h - a scroll of vulnerability {unknown}
 q - 5 scrolls of identify
 v - a scroll of amnesia
Potions
 e - 2 potions of lignification
 g - a potion of degeneration
 i - a potion of flight
 l - 2 potions of mutation
 n - a potion of attraction {unknown}
 p - a potion of brilliance {unknown}
 s - a potion of magic {unknown}
 u - 2 potions of ambrosia {unknown}


   Skills:
 + Level 7.2 Fighting
 * Level 8.7 Long Blades
 + Level 6.6 Armour
 + Level 5.9 Dodging
 + Level 6.8 Shields
 - Level 0.2 Unarmed Combat
 + Level 4.2 Invocations


You had 9 spell levels left.
You didn't know any spells.
Your spell library contained the following spells:

 Spells                   Type           Power      Damage    Failure   Level
 Beastly Appendage        Tmut           0%         N/A       89%         1
 Kiss of Death            Conj/Necr      0%         2d5       89%         1
 Magic Dart               Conj           0%         1d3       89%         1
 Call Imp                 Summ           0%         N/A       96%         2
 Wereblood                Tmut           0%         N/A       96%         2
 Confusing Touch          Hex            0%         N/A       99%         3
 Mephitic Cloud           Conj/Pois/Air  0%         N/A       99%         3
 Portal Projectile        Hex/Tloc       0%         N/A       99%         3
 Spider Form              Tmut/Pois      0%         N/A       99%         3
 Tukima's Dance           Hex            0%         N/A       99%         3
 Dispel Undead            Necr           0%         3d6       100%        4
 Blade Hands              Tmut           0%         N/A       100%        5


Dungeon Overview and Level Annotations

Branches:
Dungeon (10/15)            Temple (0/1) D:5             Orc (0/2) D:9
Ossuary (visited)
   Lair: D:8-11

Altars:
Dithmenos
Hepliaklqana
Kikubaaqudgha
Makhleb
Nemelex Xobeh
Okawaru
Qazlal
Xom

Shops:
D:1 :   D:7 (

Annotations:
D:10 2 transporters


Innate Abilities, Weirdness & Mutations

You are mostly covered in large bone plates. (SH +6)
You sometimes gain power by taking damage.
Your touch may inflict minor irresistible damage on your foes.
You have a pair of horns on your head.
Your flesh is cold resistant. (rC+)
You are resistant to electric shocks. (rElec)


Message History

You feel a little less agile now.
You slash the two-headed ogre!
The two-headed ogre is lightly wounded.
The two-headed ogre barely misses you.
The two-headed ogre hits you with a +0 giant spiked club!
You hit the two-headed ogre but do no damage.
Your touch misses the two-headed ogre.
The two-headed ogre is lightly wounded.
The two-headed ogre hits you with a +0 giant club!!
* * * LOW HITPOINT WARNING * * *
The two-headed ogre barely misses you.
You hit the two-headed ogre.
Your headbutt misses the two-headed ogre.
You touch the two-headed ogre!
The two-headed ogre is moderately wounded.
You feel much better. You block the two-headed ogre's attack.
The two-headed ogre barely misses you.
You slash the two-headed ogre!
Your headbutt misses the two-headed ogre.
You touch the two-headed ogre!
You punch the two-headed ogre.
The two-headed ogre is severely wounded.
The two-headed ogre hits you with a +0 giant club!
The two-headed ogre barely misses you.
You hit the two-headed ogre but do no damage.
The two-headed ogre is severely wounded.
You hit the two-headed ogre.
Your headbutt misses the two-headed ogre.
The two-headed ogre is severely wounded.
The two-headed ogre closely misses you.
The two-headed ogre hits you with a +0 giant spiked club!!
* * * LOW HITPOINT WARNING * * *
You focus on the pain.
You feel agile all of a sudden.
Okay, then.
Okay, then.
You hit the two-headed ogre. Your touch misses the two-headed ogre.
The two-headed ogre is almost dead.
The two-headed ogre closely misses you.
The two-headed ogre hits you with a +0 giant spiked club!!
You die...

# .. .# .# ###.#
#######...#
#........#
#@#####..# #O# #..#
..#####..#########
####...............
#.####.##.######
#.##.# #.##.#
#<##.# #....#


You could see a two-headed ogre.

Vanquished Creatures
  2 two-headed ogres
  An ugly thing (D:9)
  Joseph (D:7)
  A shadow (D:10)
  3 yaks (D:9)
  A wyvern (D:9)
  2 steam dragons
  Menkaure (D:6)
  A water moccasin (D:8)
  An ice beast (D:5)
  A sky beast (D:6)
  3 black bears
  3 orc warriors
  An ogre (D:5)
  4 centaurs
  3 phantoms
  2 kobold brigands
  2 bullfrogs (D:6)
  3 scorpions
  A gnoll sergeant (D:6)
  11 wights
  4 killer bees (D:8)
  2 howler monkeys
  3 hounds
  A jelly (D:5)
  5 orc priests
  A gnoll bouda (D:7)
  4 iguanas
  10 orc wizards
  2 mummies (Ossuary)
  10 gnolls
  4 adders
  A shadow imp (D:6)
  3 white imps
  2 ufetubi
  A dart slug (D:1)
  32 orcs
  2 ball pythons
  8 bats
  6 endoplasms
  4 giant cockroaches
  5 gnoll zombies (Ossuary)
  5 goblins
  7 hobgoblins
  2 quokkas (D:1)
  2 frilled lizards
  2 goblin zombies (Ossuary)
  7 hobgoblin zombies (Ossuary)
  13 kobolds
  5 rats
201 creatures vanquished.

Vanquished Creatures (others)
  A human (D:8)
1 creature vanquished.

Grand Total: 202 creatures vanquished

Notes
Turn   | Place    | Note
-------+----------+-------------------------------------------
     0 | D:1      | Pimp the Demonspawn Fighter began the quest for the Orb.
     0 | D:1      | Reached XP level 1. HP: 18/18 MP: 1/1
    67 | D:1      | Found a faded altar of an unknown god.
    94 | D:1      | Reached skill level 2 in Long Blades
    94 | D:1      | Gained mutation: Your touch may inflict minor irresistible
                  | damage on your foes. [demonic ancestry]
    94 | D:1      | Reached XP level 2. HP: 20/24 MP: 2/2
   399 | D:1      | Found Xocouf's Book Emporium.
   778 | D:2      | Gained mutation: You sometimes gain a little power by
                  | taking damage. [demonic ancestry]
   778 | D:2      | Reached XP level 3. HP: 29/29 MP: 3/3
  1828 | D:3      | Reached XP level 4. HP: 35/35 MP: 4/4
  2105 | D:4      | Noticed a phantom
  2119 | D:4      | Killed a phantom
  2120 | D:4      | Reached skill level 1 in Dodging
  2120 | D:4      | Reached XP level 5. HP: 31/41 MP: 5/5
  2263 | D:4      | Noticed a phantom
  2267 | D:4      | Found a sand-covered staircase.
  2272 | Ossuary  | Entered an ossuary
  2281 | Ossuary  | Reached skill level 3 in Long Blades
  2388 | D:4      | Killed a phantom
  2428 | D:4      | Gained mutation: You are partially covered in large bone
                  | plates. (SH +4) [demonic ancestry]
  2428 | D:4      | Reached XP level 6. HP: 48/48 MP: 6/6
  2876 | D:4      | Found a burning altar of Makhleb.
  2907 | D:5      | Entered Level 5 of the Dungeon
  3070 | D:5      | Reached skill level 4 in Long Blades
  3212 | D:5      | Gained mutation: You are mostly covered in large bone
                  | plates. (SH +6) [demonic ancestry]
  3212 | D:5      | Reached XP level 7. HP: 47/54 MP: 7/7
  3241 | D:5      | Found a stormy altar of Qazlal.
  3266 | D:5      | Became a worshipper of Qazlal Stormbringer
  3517 | D:5      | Reached skill level 5 in Long Blades
  3519 | D:5      | Gained mutation: You sometimes gain power by taking damage.
                  | [demonic ancestry]
  3519 | D:5      | Reached XP level 8. HP: 23/61 MP: 8/8
  3672 | D:5      | Found a staircase to the Ecumenical Temple.
  3876 | D:6      | Gained mutation: You have hidden genetic potential. [potion
                  | of mutation]
  3876 | D:6      | Gained mutation: You have a pair of small horns on your
                  | head. [potion of mutation]
  3876 | D:6      | Gained mutation: Your flesh is cold resistant. (rC+)
                  | [potion of mutation]
  4212 | D:6      | Reached skill level 5 in Fighting
  4507 | D:6      | Found a hazy altar of Hepliaklqana.
  4542 | D:6      | Noticed Menkaure
  4543 | D:6      | Found a shimmering altar of Xom.
  4550 | D:6      | Killed Menkaure
  4557 | D:6      | Reached * piety under Qazlal
  4701 | D:6      | Found an iron altar of Okawaru.
  4730 | D:6      | Reached skill level 6 in Long Blades
  4730 | D:6      | Reached skill level 5 in Shields
  4852 | D:6      | Reached skill level 5 in Armour
  5395 | D:6      | Reached XP level 9. HP: 35/69 MP: 9/9
  5397 | D:6      | Gained mutation: You have a pair of horns on your head.
                  | [hidden potential]
  5723 | D:7      | Found Zeusof's Antique Weapon Shop.
  5981 | D:7      | Reached ** piety under Qazlal
  6193 | D:7      | Reached skill level 7 in Long Blades
  6206 | D:7      | Noticed Joseph
  6214 | D:7      | Killed Joseph
  6986 | D:8      | Found an ancient bone altar of Kikubaaqudgha.
  7093 | D:8      | Reached skill level 5 in Dodging
  7093 | D:8      | Reached skill level 1 in Invocations
  7315 | D:8      | Found a sparkling altar of Nemelex Xobeh.
  7322 | D:8      | Noticed a two-headed ogre
  7338 | D:8      | Killed a two-headed ogre
  7339 | D:8      | Reached XP level 10. HP: 15/77 MP: 9/11
  7356 | D:8      | Gained mutation: You are resistant to electric shocks.
                  | (rElec) [hidden potential]
  7356 | D:8      | Lost mutation: You have hidden genetic potential. [hidden
                  | potential expressed]
  7648 | D:8      | Paralysed by a hornet for 2 turns
  7654 | D:8      | Paralysed by a hornet for 1 turns
  8043 | D:9      | Found a shadowy altar of Dithmenos.
  8054 | D:9      | Reached skill level 8 in Long Blades
  8101 | D:9      | Reached *** piety under Qazlal
  8130 | D:9      | Identified the +3 ring mail of Divine Freedom {Harm}
  8151 | D:9      | Found a staircase to the Orcish Mines.
  8307 | D:9      | Noticed a purple ugly thing
  8318 | D:9      | Killed a purple ugly thing
  9169 | D:10     | Entered Level 10 of the Dungeon
  9209 | D:10     | Found a transporter.
  9218 | D:10     | Found a transporter.
  9218 | D:10     | Found a transporter.
  9221 | D:10     | Found a transporter.
  9336 | D:10     | Noticed a two-headed ogre
  9350 | D:10     | Killed a two-headed ogre
  9385 | D:10     | Noticed a two-headed ogre
  9394 | D:10     | Demolished by a two-headed ogre

Illustrated notes

Levels and vault maps discovered:
D:1:      beargit_arrival_greenhouse, layout_loops_ring,
          ebering_ecumenical_altar_rust, serial_shops,
          nicolae_book_shop_shelving, minivault_23, minmay_pentomino_r4
D:2:      layout_rooms, minmay_misc_feat_columns
D:3:      layout_loops_corners, minmay_liquid_box
D:4:      layout_loops_cross, makhleb_blood_cavern_becter, enter_ossuary_2,
          chequers_jeans
D:5:      layout_basic, mainiacjoe_overflow_tiny_flanked,
          minmay_temple_entry_enclosed_plants
D:6:      layout_basic, mainiacjoe_overflow_small_starburst, lemuel_round_altar,
          mainiacjoe_overflow_alcove_1, uniq_menkaure
D:7:      layout_basic, serial_shops, shop, nicolae_elevator_lobby_asterisk,
          uniq_joseph
D:8:      layout_loops_ring, tgw_kikubaaqudgha, amcnicky_altar_gilded,
          hangedman_abyss_or_decor_stagger, nicolae_shop_self_help
D:9:      layout_loops_corners, nicolae_dithmenos_shadow_blocks, orc_0_dummy
D:10:     layout_loops_ring, enter_bailey_3, nicolae_transporter_circle

Skill      XL: |  1  2  3  4  5  6  7  8  9 10 |
---------------+-------------------------------+-----
Long Blades    | 2 3 4 5 6 7 8 |  8.7
Armour         | 3 4 5 6 |  6.6
Shields        | 3 4 5 6 |  6.8
Dodging        | 1 2 3 4 5 |  5.9
Fighting       | 4 5 6 7 |  7.2
Invocations    | 2 4 |  4.2
Unarmed Combat | |  0.2

Action                     |  1- 3 |  4- 6 |  7- 9 | 10-12 || total
---------------------------+-------+-------+-------+-------++-------
  Melee: Long sword        |    88 |    93 |   273 |   140 ||   594
         Touch             |     6 |    22 |    47 |    31 ||   106
         Punch             |       |     1 |     3 |     2 ||     6
         Headbutt          |       |       |    38 |    28 ||    66
  Evoke: Wand              |       |     3 |    16 |       ||    19
    Use: Scroll            |     5 |     5 |     2 |     5 ||    17
         Potion            |       |     3 |    10 |     5 ||    18
 Armour: Scale mail        |    50 |     3 |       |       ||    53
         Chain mail        |       |    49 |   115 |    35 ||   199
         Skin              |       |       |    34 |       ||    34
  Dodge: Dodged            |    48 |    51 |   135 |    56 ||   290
  Block: Buckler           |    10 |       |       |       ||    10
         Other             |       |     8 |   106 |    61 ||   175
